 Dungeon Crawl Stone Soup version 0.27.0-1-g7a089689b8 (webtiles) character file.

Game seed: 4032525490205550536

492 SnakkuSnakku7 the Chopper (level 7, -1/39 HPs)
             Began as a Vine Stalker Berserker on Aug 11, 2021.
             Was a Believer of Trog.
             Slain by a hornet (4 damage)
             ... on level 4 of the Dungeon.
             The game lasted 00:02:34 (2435 turns).

SnakkuSnakku7 the Chopper (Vine Stalker Berserker)  Turns: 2435, Time: 00:02:34

Health: -1/39      AC: 10    Str: 22    XL:     7   Next: 14%
Magic:  0/8        EV: 10    Int:  7    God:    Trog [**....]
Gold:   184        SH:  0    Dex: 13    Spells: 6/6 levels left

rFire    . . .     SeeInvis .   a - +0 hand axe
rCold    . . .     Faith    .   (no shield)
rNeg     . . .     Spirit   +   l - +0 scale mail
rPois    .         Reflect  .   (no helmet)
rElec    .         Harm     .   (no cloak)
rCorr    .         Rampage  .   o - +0 pair of gloves
Will     ++...                  c - +2 pair of boots
Stlth    ..........             (no amulet)
HPRegen  2.13/turn              (no ring)
MPRegen  0.11/turn              (no ring)

@: lethally poisoned (-1 -> -5), strong-willed, regenerating, slowed, very slow
A: fangs 2, regeneration 1, magic shield, antimagic bite, no potion heal 2
a: Renounce Religion, Berserk, Trog's Hand


You were on level 4 of the Dungeon.
You worshipped Trog.
Trog was pleased with you.
You visited 1 branch of the dungeon, and saw 4 of its levels.

You collected 184 gold pieces.

Inventory:

Hand Weapons
 a - a +0 hand axe (weapon)
Armour
 b - a +0 animal skin
 c - a +2 pair of boots (worn)
 l - a +0 scale mail (worn)
 o - a +0 pair of gloves (worn)
Jewellery
 n - a ring of ice
Wands
 j - a wand of flame (19)
Scrolls
 g - 3 scrolls of identify {unknown}
 i - 2 scrolls of teleportation {unknown}
 p - a scroll of amnesia {unknown}
 r - a scroll of enchant weapon {unknown}
Potions
 d - a potion of lignification {unknown}
 e - a potion of cancellation {unknown}
 f - 2 potions of attraction {unknown}
 h - a potion of might
 k - 2 potions of heal wounds
 m - a potion of ambrosia {unknown}
 q - a potion of berserk rage {unknown}


   Skills:
 - Level 5.0 Fighting
 + Level 5.8 Axes
 - Level 1.5 Armour
 - Level 1.5 Dodging


You had 6 spell levels left.
You didn't know any spells.
Your spell library was empty.

Dungeon Overview and Level Annotations

Branches:
Dungeon (4/15)
 Temple: D:4-7

Altars:


Innate Abilities, Weirdness & Mutations

You have extremely sharp teeth.
Your natural rate of healing is unusually fast.
When hurt, damage is shared between your health and your magic reserves.
Your bite disrupts and absorbs the magic of your enemies.
Potions cannot restore your health.


Message History

You are no longer poisoned.
A ball python comes into view.
A ball python is nearby!
A hornet comes into view.
The hornet buzzes angrily.
An adder skeleton comes into view.
You hit the ball python.
You kill the ball python!
Trog accepts your kill.
You hit the hornet but do no damage. You bite the hornet. You drain its power.
The hornet is lightly wounded.
The hornet stings you!
You are poisoned.
You feel yourself slow down. The hornet stings you!
You are more poisoned.
You feel as though you will be slow longer.
Unknown command.
Your skin crawls.
You feel strong-willed.
You feel extremely sick. The hornet stings you.
You feel as though you will be slow longer.
The adder skeleton bites you. The hornet barely misses you.
Unknown command.
You feel very sick. The hornet stings you.
* * * LOW HITPOINT WARNING * * *
You are lethally poisoned!
You feel as though you will be slow longer.
The adder skeleton barely misses you.
Okay, then.
It was a potion of heal wounds.
That seemed strangely inert.
* * * LOW HITPOINT WARNING * * *
You feel extremely sick. The hornet stings you.
* * * LOW HITPOINT WARNING * * *
You feel as though you will be slow longer.
The adder skeleton bites you but does no damage.
The hornet stings you.
You die...

#..........>.#...
#..).........#(..
#................
#######..###..<.......
####...#....###....######
........#...........#
###.....#...(.......#
........#...........#
≈.≈≈≈≈.y@.#####......#
≈.≈≈≈≈.Z##..# ########
≈.≈≈≈≈.## ....# ≈.≈≈≈≈.
....# ..≈≈≈≈. ....#
....... ....# .≈≈≈≈≈.
....# .≈≈≈≈≈.


You could see a hornet and an adder skeleton.

Vanquished Creatures
  Grinder (D:3)
  An orc priest (D:4)
  2 iguanas (D:4)
  Terence (D:2)
  Natasha (thrice) (D:2)
  4 adders
  A worm (D:3)
  A dart slug (D:1)
  7 orcs
  5 endoplasms
  5 giant cockroaches
  6 hobgoblins
  6 jackals (D:4)
  3 quokkas
  9 ball pythons
  3 bats
  A frilled lizard (D:3)
  3 goblins
  5 kobolds
  4 rats
71 creatures vanquished.

Notes
Turn   | Place    | Note
-------+----------+-------------------------------------------
     0 | D:1      | SnakkuSnakku7 the Vine Stalker Berserker began the quest
                  | for the Orb.
     0 | D:1      | Reached XP level 1. HP: 11/11 MP: 2/2
   290 | D:1      | Reached XP level 2. HP: 12/16 MP: 1/3
   857 | D:1      | Reached XP level 3. HP: 20/20 MP: 4/4
   868 | D:1      | Reached ** piety under Trog
  1121 | D:2      | Found a faded altar of an unknown god.
  1125 | D:2      | Noticed Natasha
  1135 | D:2      | Killed Natasha
  1146 | D:2      | Noticed Natasha
  1157 | D:2      | Killed Natasha
  1158 | D:2      | Gained mutation: Your natural rate of healing is unusually
                  | fast. [Vine Stalker growth]
  1158 | D:2      | Reached XP level 4. HP: 19/25 MP: 5/5
  1173 | D:2      | Noticed Natasha
  1181 | D:2      | Killed Natasha
  1219 | D:2      | Noticed Terence
  1228 | D:2      | Killed Terence
  1229 | D:2      | Reached XP level 5. HP: 29/29 MP: 4/6
  1772 | D:3      | Noticed Grinder
  1784 | D:3      | Killed Grinder
  1785 | D:3      | Reached skill level 5 in Fighting
  1785 | D:3      | Reached skill level 5 in Axes
  1785 | D:3      | Reached XP level 6. HP: 35/35 MP: 7/7
  2233 | D:4      | Reached XP level 7. HP: 39/39 MP: 6/8
  2429 | D:4      | Noticed a hornet
  2435 | D:4      | Slain by a hornet

Illustrated notes

Levels and vault maps discovered:
D:1:      dpeg_arrival_windows_large_door, layout_basic,
          kennysheep_small_spiral, chequers_avenue,
          minmay_misc_feat_more_columns, chequers_serial_rivers_marsh,
          minmay_shallow_snake_nest
D:2:      layout_rooms, ebering_ecumenical_altar_rust, uniq_terence,
          uniq_natasha
D:3:      layout_basic, uniq_grinder
D:4:      layout_gridville, minivault_14

Skill      XL: |  1  2  3  4  5 |
---------------+----------------+-----
Fighting       | 3 4 5 |  5.0
Axes           | 3 4 5 |  5.8
Armour         | |  1.5
Dodging        | |  1.5

Action                   |  1- 3 |  4- 6 |  7- 9 || total
-------------------------+-------+-------+-------++-------
Melee: Hand axe          |    56 |    86 |    29 ||   171
       Bite              |    19 |    22 |     8 ||    49
Invok: Berserk           |     1 |     3 |       ||     4
       Trog's Hand       |       |     1 |     1 ||     2
  Use: Potion            |       |       |     1 ||     1
 Stab: Sleeping          |     2 |       |       ||     2
Armor: Animal skin       |    17 |    10 |       ||    27
       Scale mail        |       |    25 |     6 ||    31
Dodge: Dodged            |    46 |    39 |    25 ||   110
